 Dungeon Crawl Stone Soup version 0.32-a0-913-g739538afd8 (webtiles) character file.

Game seed: 16937439832082878279

9285 Hubris850 the Fighter (level 11, 0/98 HPs)
             Began as a Coglin Gladiator on Apr 9, 2024.
             Was a Believer of Makhleb.
             Slain by Snorg (8 damage)
             ... on level 10 of the Dungeon.
             The game lasted 00:28:36 (10299 turns).

Hubris850 the Fighter (Coglin Gladiator)           Turns: 10299, Time: 00:28:37

Health: 0/98       AC:  9    Str: 17    XL:     11   Next: 44%
Magic:  11/11      EV: 11    Int: 18    God:    Makhleb [**....]
Gold:   27         SH:  0    Dex: 15    Spells: 9/10 levels left

rFire   . . .        e - +2 hand axe (distort) {Inhapi}
rCold   . . .        V - +3 quick blade (venom) {Anedjib}
rNeg    . . .        A - +2 leather armour of the Solstice {Will- Int+8 Slay+5}
rPois   .            c - +0 helmet
rElec   .            w - +1 cloak
rCorr   .            H - +0 pair of gloves
SInv    .            (no boots)
Will    .....        (amulet unavailable)
Stlth   +            (ring unavailable)
HPRegen 0.36/turn    (ring unavailable)
MPRegen 0.12/turn    (no gizmo)

%: no passive effects
@: studying Fighting, revved
A: off-hand wielding, slow wielding, warmup strikes, no jewellery
a: Invent Gizmo, Renounce Religion, Minor Destruction


You were on level 10 of the Dungeon.
You worshipped Makhleb.
Makhleb was pleased with you.
You visited 1 branch of the dungeon, and saw 10 of its levels.

You collected 482 gold pieces.
You spent 455 gold pieces at shops.

Inventory:

Hand Weapons
 a - a +0 war axe {Carmen}
 d - a +2 falchion of electrocution
 e - a +2 hand axe of distortion (weapon) {Inhapi}
 f - a +0 dagger {Mei}
 h - a +1 dagger of speed {Eustáquio}
 r - a +1 dagger of speed
 I - a +2 war axe of freezing
 T - a +2 dagger of distortion
 V - a +3 quick blade of venom (offhand) {Anedjib}
Missiles
 p - 8 poisoned darts (quivered)
 v - 4 throwing nets
 K - 5 javelins
Armour
 b - a +0 leather armour
 c - a +0 helmet (worn)
 j - a +2 chain mail of fire resistance
 l - a +0 ring mail
 w - a +1 cloak (worn)
 A - the +2 leather armour of the Solstice (worn) {Will- Int+8 Slay+5}
   (You found it on level 4 of the Dungeon)

   Int+8:     It affects your intelligence (+8).
   Slay+5:    It affects your accuracy & damage with ranged weapons and melee
   (+5).
   Will-:     It decreases your willpower.
 H - a +0 pair of gloves (worn)
 N - +0 steam dragon scales
 U - an orb of mayhem
Magical Staves
 D - a staff of conjuration
 F - a staff of fire
Talismans
 z - a blade talisman
Wands
 G - a wand of acid (18)
 J - a wand of flame (13)
 M - a wand of iceblast (3)
Scrolls
 g - 2 scrolls of vulnerability {unknown}
 n - 12 scrolls of identify {unknown}
 t - a scroll of brand weapon {unknown}
 x - 5 scrolls of teleportation
 y - a scroll of blinking {unknown}
 B - a scroll of enchant armour {unknown}
 C - a scroll of noise {unknown}
 O - a scroll of butterflies {unknown}
 P - a scroll of fear {unknown}
 Q - 4 scrolls of revelation {unknown}
 R - 2 scrolls of immolation {unknown}
 S - a scroll of amnesia {unknown}
Potions
 i - 6 potions of curing
 k - 3 potions of degeneration {unknown}
 m - 4 potions of lignification {unknown}
 o - 2 potions of brilliance {unknown}
 q - 4 potions of might {unknown}
 s - 2 potions of magic {unknown}
 u - 2 potions of mutation {unknown}
 E - 4 potions of heal wounds {unknown}
 L - a potion of attraction {unknown}


   Skills:
 + Level 13.0 Fighting
 + Level 9.8 Short Blades
 + Level 11.1 Axes
 - Level 1.8 Throwing
 - Level 2.6 Dodging


You had 9 spell levels left.
You knew the following spells:

 Your Spells              Type           Power      Damage    Failure   Level
a - Sting                 Conj/Alch      0%         1d3       26%         1

Your spell library contained the following spells:

 Spells                   Type           Power      Damage    Failure   Level
 Apportation              Tloc           0%         N/A       26%         1
 Necrotise                Necr           0%         1d4       26%         1
 Summon Small Mammal      Summ           0%         N/A       26%         1
 Jinxbite                 Hex            0%         N/A       38%         2
 Volatile Blastmotes      Fire/Tloc      0%         2d10      63%         3
 Fulminant Prism          Conj/Alch      0%         3d5       95%         4
 Iskenderun's Mystic Bla Conj/Tloc 0%             2d3        (+2d1     95%         4
 Alistair's Intoxication  Alch           0%         N/A       100%        5


Dungeon Overview and Level Annotations

Branches:
Dungeon (10/15)            Temple (0/1) D:7            Lair (0/5) D:10
    Orc: D:9-12

Altars:
Cheibriados
Fedhas
Gozag
Kikubaaqudgha
Makhleb
Nemelex Xobeh
Okawaru
Qazlal
Xom
Zin
The Shining One

Shops:
D:4 (

Annotations:
D:10 Snorg


Innate Abilities, Weirdness & Mutations

You can wield a second weapon in your off-hand.
It takes a long time for you to wield or remove held weapons.
Your first few attacks do less damage.
You cannot equip rings or amulets.


Message History

You hit Snorg with your +3 quick blade of venom.
Snorg looks as sick as possible!
Snorg is severely wounded.
You closely miss Snorg with your +2 hand axe of distortion.
Snorg bites you! Snorg claws you. Snorg claws you!
You are too injured to fight recklessly!
You are too injured to fight recklessly!
You are too injured to fight recklessly!
You barely miss Snorg with your +2 hand axe of distortion.
Snorg is severely wounded.
You hit Snorg with your +3 quick blade of venom.
Snorg looks as sick as possible!
You hit Snorg with your +3 quick blade of venom.
Snorg is severely wounded.
Snorg bites you! Snorg closely misses you. Snorg claws you but does no damage.
You hit Snorg with your +2 hand axe of distortion.
Snorg is severely wounded.
You hit Snorg with your +3 quick blade of venom.
Snorg looks as sick as possible!
You hit Snorg with your +3 quick blade of venom.
Snorg looks as sick as possible!
Snorg is almost dead.
Snorg bites you!
* * * LOW HITPOINT WARNING * * *
Snorg claws you but does no damage. Snorg barely misses you.
You barely miss Snorg with your +2 hand axe of distortion.
Snorg is almost dead.
You puncture Snorg with your +3 quick blade of venom!
You closely miss Snorg with your +3 quick blade of venom.
Snorg is almost dead.
Snorg barely misses you. x2; Snorg claws you!
* * * LOW HITPOINT WARNING * * *
You closely miss Snorg with your +2 hand axe of distortion.
Snorg is almost dead.
You puncture Snorg with your +3 quick blade of venom!
Snorg looks as sick as possible!
You closely miss Snorg with your +3 quick blade of venom.
Snorg is almost dead.
Snorg closely misses you. Snorg claws you!
You die...

#.##.PP##.# ##
#...PPPP..# ..
#≈..P>P..≈# ..
#..PPPPP..# ..
#.##PP.##.# ## .
##..#...#..#
...##.#...≈...#.
.........###...
.......@.......
.......T.......
..........#####
..........#
...)..!...#
..........#
..........#
###########


You could see Snorg (berserk, extremely poisoned).

Vanquished Creatures
  A two-headed ogre (D:9)
  An unseen horror (D:9)
  Sigmund (D:2)
  A wraith (D:9)
  4 wyverns
  19 yaks
  2 vampire mosquitoes (D:10)
  3 steam dragons
  2 water moccasins (D:7)
  4 orc warriors
  A sky beast (D:7)
  An ice beast (D:5)
  5 centaurs
  A bullfrog (D:9)
  A gnoll sergeant (D:8)
  15 wights
  4 killer bees (D:10)
  A bombardier beetle (D:6)
  2 sleepcaps (D:7)
  A gnoll bouda (D:8)
  7 orc priests
  3 hounds
  3 jellies
  Crazy Yiuf (D:7)
  Terence (D:2)
  3 iguanas (D:5)
  8 orc wizards
  Robin (D:3)
  6 adders
  11 gnolls
  3 shadow imps
  2 white imps
  3 ribbon worms
  33 orcs
  7 endoplasms
  3 giant cockroaches
  9 goblins
  10 hobgoblins
  7 jackals
  7 kobolds
  6 quokkas
  5 ball pythons
  2 bats (D:2)
  4 frilled lizards
  4 rats
219 creatures vanquished.

Vanquished Creatures (others)
  A centaur (D:7)
  A howler monkey (D:7)
  An orc wizard (D:7)
3 creatures vanquished.

Grand Total: 222 creatures vanquished

Notes
Turn   | Place    | Note
-------+----------+-------------------------------------------
     0 | D:1      | Hubris850 the Coglin Gladiator began the quest for the Orb.
     0 | D:1      | Reached XP level 1. HP: 16/16 MP: 1/1
   342 | D:1      | Reached XP level 2. HP: 22/22 MP: 2/2
   389 | D:1      | Reached skill level 1 in Short Blades
  1039 | D:2      | Noticed Sigmund
  1056 | D:2      | Killed Sigmund
  1057 | D:2      | Reached XP level 3. HP: 13/27 MP: 3/3
  1057 | D:2      | Reached XP level 4. HP: 16/33 MP: 4/4
  1057 | D:2      | Reached XP level 5. HP: 18/38 MP: 5/5
  1451 | D:2      | Reached skill level 5 in Axes
  1613 | D:2      | Noticed Terence
  1621 | D:2      | Killed Terence
  1622 | D:2      | Reached XP level 6. HP: 20/44 MP: 6/6
  2113 | D:3      | Found an opulent altar of Gozag.
  2210 | D:3      | Found an iron altar of Okawaru.
  2304 | D:3      | Noticed Robin
  2318 | D:3      | Killed Robin
  2562 | D:3      | Found a glowing golden altar of the Shining One.
  2612 | D:3      | Found a sparkling altar of Nemelex Xobeh.
  2826 | D:4      | Reached XP level 7. HP: 44/50 MP: 7/7
  3018 | D:4      | Found a transporter.
  3019 | D:4      | Found Riesea's Weapon Shoppe.
  3102 | D:4      | Found a stormy altar of Qazlal.
  3170 | D:4      | Reached skill level 5 in Short Blades
  3238 | D:4      | Identified the +2 leather armour of the Solstice {Will-
                  | Int+8 Slay+5}
  3303 | D:4      | Found a transporter.
  3378 | D:4      | Found an ancient bone altar of Kikubaaqudgha.
  3696 | D:5      | Entered Level 5 of the Dungeon
  3853 | D:5      | Reached skill level 3 in Fighting
  3853 | D:5      | Reached XP level 8. HP: 58/58 MP: 8/8
  4128 | D:5      | Reached skill level 4 in Fighting
  4423 | D:5      | Learned a level 1 spell: Sting
  4441 | D:6      | Noticed a yak
  4446 | D:6      | Noticed a yak
  4459 | D:6      | Killed a yak
  4460 | D:6      | Noticed a yak
  4460 | D:6      | Noticed a yak
  4477 | D:6      | Killed a yak
  4477 | D:6      | Killed a yak
  4478 | D:6      | Reached skill level 5 in Fighting
  4479 | D:6      | Banished a yak
  4480 | D:6      | Reached skill level 6 in Fighting
  4681 | D:6      | Reached XP level 9. HP: 71/71 MP: 9/9
  4789 | D:6      | Found a burning altar of Makhleb.
  5085 | D:6      | Reached skill level 7 in Fighting
  5210 | D:6      | Became a worshipper of Makhleb the Destroyer
  5319 | D:7      | Found a runed translucent door.
  5320 | D:7      | Noticed Crazy Yiuf
  5325 | D:7      | Killed Crazy Yiuf
  5539 | D:7      | Found a staircase to the Ecumenical Temple.
  5762 | D:7      | Found a shimmering altar of Xom.
  5769 | D:7      | Reached skill level 8 in Fighting
  6779 | D:8      | Reached skill level 9 in Fighting
  6889 | D:8      | Reached XP level 10. HP: 83/83 MP: 10/10
  6910 | D:8      | Found a glowing silver altar of Zin.
  6931 | D:8      | Reached * piety under Makhleb
  7143 | D:8      | Found a snail-covered altar of Cheibriados.
  7202 | D:8      | Reached skill level 10 in Fighting
  7338 | D:8      | Found a blossoming altar of Fedhas.
  7701 | D:8      | Reached skill level 11 in Fighting
  7701 | D:8      | Reached skill level 10 in Axes
  8280 | D:9      | Noticed a two-headed ogre
  8290 | D:9      | Killed a two-headed ogre
  8291 | D:9      | Reached XP level 11. HP: 77/95 MP: 11/11
  8476 | D:9      | Reached skill level 12 in Fighting
  8695 | D:4      | Bought a +3 quick blade of venom for 455 gold pieces
  9595 | D:10     | Entered Level 10 of the Dungeon
  9923 | D:10     | Reached ** piety under Makhleb
 10026 | D:9      | Reached skill level 13 in Fighting
 10278 | D:10     | Found a staircase to the Lair.
 10289 | D:10     | Noticed Snorg
 10299 | D:10     | Slain by Snorg

Illustrated notes

Levels and vault maps discovered:
D:1:      dpeg_arrival_round_a, layout_loops_corners
D:2:      layout_rooms, nicolae_titane, uniq_sigmund, uniq_terence
D:3:      layout_basic, grunt_gozag_statues, nicolae_tso_swordbearing_angel,
          nemelex_altar_shiori, mainiacjoe_overflow_catwalk,
          reono_crystal_passage, item_on_display_a, uniq_robin
D:4:      layout_loops_cross, mainiacjoe_overflow_paths, kennysheep_mini,
          serial_forest, infiniplex_forest_straight_3,
          infiniplex_forest_clump_curved, infiniplex_forest_clump_curved,
          infiniplex_forest_lined_2, serial_shops, nicolae_shop_drivethru,
          minmay_manual_mares
D:5:      layout_basic, serial_aquarium, aquarium_bridge_long_separate
          [aquarium_subvault_balcony, aquarium_subvault_window,
          aquarium_subvault_bridge, aquarium_subvault_wall,
          aquarium_subvault_bridge, aquarium_subvault_wall], aquarium_window_1,
          aquarium_window_corner, aquarium_window_corridor_1, aquarium_window_1,
          aquarium_view_2e
D:6:      layout_gridville, lemuel_tele_altar
D:7:      layout_rooms, xom_confusion_cloud, minmay_temple_entry_overgrown,
          serial_co_window_serial, co_window_corner_a, co_window_corner_a,
          co_window_paths_b, co_window_corner_a, co_window_corner_a,
          co_window_of_opportunity_b, co_window_corner_cb, co_window_2corner,
          co_window_corner_b, co_window_broadway_a, co_window_sun,
          co_window_4corner_a, nicolae_tricolors, uniq_crazy_yiuf_cottage
D:8:      layout_basic, fedhas_altar_fruit_tree, overflow_temple_1_default,
          lemuel_doored_altar, serial_rivers, chequers_serial_rivers_micro_d,
          chequers_serial_rivers_large_a, chequers_serial_rivers_room_b,
          chequers_serial_rivers_micro_a, chequers_serial_rivers_small_a
D:9:      layout_cave_pods
D:10:     layout_long_grid, dpeg_oklobed_lair, uniq_snorg

Skill      XL: |  1  2  3  4  5  6  7  8  9 10 11 |
---------------+----------------------------------+-----
Short Blades   | 3 4 5 6 7 9 |  9.8
Axes           | 4 5 6 7 9 10 11 | 11.1
Fighting       | 3 6 9 11 13 | 13.0
Throwing       | |  1.8
Dodging        | |  2.6

Action                     |  1- 3 |  4- 6 |  7- 9 | 10-12 || total
---------------------------+-------+-------+-------+-------++-------
  Melee: War axe           |    31 |    10 |       |       ||    41
         Dagger            |    26 |    80 |   131 |    91 ||   328
         Hand axe          |       |    90 |   148 |   165 ||   403
         Quick blade       |       |       |       |   113 ||   113
  Throw: Dart              |     5 |     5 |       |     3 ||    13
         Throwing net      |     1 |     3 |       |       ||     4
         Javelin           |       |     2 |     1 |       ||     3
    Use: Potion            |       |       |       |     2 ||     2
         Scroll            |       |       |       |     1 ||     1
   Stab: Sleeping          |     1 |       |     1 |       ||     2
         Held in net/web   |       |     1 |       |       ||     1
         Distracted        |       |       |     1 |       ||     1
 Armour: Leather armour    |    10 |       |    73 |   113 ||   196
         Ring mail         |     4 |    46 |    15 |       ||    65
  Dodge: Dodged            |    11 |    41 |    90 |    91 ||   233

Table legend: (Time is in decaauts)
 A = Elapsed time spent in this place.
 B = Non-inter-level travel time spent in this place.
 C = Inter-level travel time spent in this place.
 D = Time resting spent in this place.
 E = Time spent auto-exploring this place.
 F = Levels seen in this place.
 G = Mean time per level.
                   A        B        C        D        E       F      G
               +--------+--------+--------+--------+--------+-----+--------+
         Total |  10196 |   9624 |    572 |   1063 |   7163 |  10 | 1019.6 |
       Dungeon |  10196 |   9624 |    572 |   1063 |   7163 |  10 | 1019.6 |
               +--------+--------+--------+--------+--------+-----+--------+

Top non-repeatable levels by time:
     D:9: 1795 daAuts
     D:7: 1459 daAuts
     D:8: 1365 daAuts
     D:1: 1011 daAuts
     D:4: 1007 daAuts
     D:3: 920 daAuts
     D:2: 838 daAuts
     D:6: 831 daAuts
     D:5: 744 daAuts
    D:10: 221 daAuts
